 Dungeon Crawl Stone Soup version 0.23.2-1-ga50397a (webtiles) character file.

Game seed: 4261001596751135361

9198 Fang the Fighter (level 11, -1/108 HPs)
             Began as a Gargoyle Berserker on Apr 29, 2019.
             Was a High Priest of Trog.
             Slain by a shadow (6 damage)
             ... on level 10 of the Dungeon on Apr 30, 2019.
             The game lasted 00:12:56 (9495 turns).

Fang the Fighter (Gargoyle Berserker)               Turns: 9495, Time: 00:12:56

Health: -1/108     AC: 28    Str: 28    XL:     11   Next: 42%
Magic:  11/11      EV: 11    Int:  9    God:    Trog [*****.]
Gold:   584        SH:  4    Dex:  9    Spells: 10/10 levels left

rFire    . . .     SeeInvis .   a - +4 war axe
rCold    . . .     Gourm    .   (no shield)
rNeg     + . .     Faith    .   b - +3 plate armour
rPois    ∞         Spirit   .   (no helmet)
rElec    +         Reflect  +   (no cloak)
rCorr    .         Harm     .   (no gloves)
MR       +....                  t - +2 pair of boots
Stlth    ..........             I - +4 amulet of reflection
HPRegen  0.28/turn              (no ring)
MPRegen  0.12/turn              r - ring of protection from magic

@: berserking, very quick
A: negative energy resistance 1, electricity resistance, unbreathing,
petrification resistance, rot immunity, AC +8
a: Berserk, Trog's Hand, Brothers in Arms, Renounce Religion


You were on level 10 of the Dungeon.
You worshipped Trog.
Trog was extremely pleased with you.
You were very hungry.

You visited 2 branches of the dungeon, and saw 11 of its levels.
You also visited: Ossuary.

You collected 584 gold pieces.

Inventory:

Hand Weapons
 a - a +4 war axe (weapon)
 q - a +2 antimagic battleaxe
Armour
 b - a +3 plate armour (worn)
 t - a +2 pair of boots (worn)
Jewellery
 r - a ring of protection from magic (right hand)
 I - a +4 amulet of reflection (around neck)
Wands
 d - a wand of clouds (5)
 k - a wand of polymorph (7)
 o - a wand of digging (5)
 p - a wand of acid (8)
 v - a wand of random effects (34)
 w - a wand of iceblast (8)
 y - a wand of disintegration (12)
 F - a wand of flame (15)
Scrolls
 e - 4 scrolls of blinking
 f - a scroll of fear
 g - 5 scrolls of remove curse
 j - 2 scrolls of magic mapping
 s - a scroll of teleportation
Potions
 h - 2 potions of heal wounds
 i - a potion of magic {unknown}
 l - 2 potions of degeneration {unknown}
 m - 2 potions of resistance
 n - 3 potions of curing {unknown}
 u - 3 potions of flight
 z - 3 potions of agility
 B - a potion of invisibility
 C - 2 potions of haste
 D - 3 potions of mutation
 E - 2 potions of ambrosia
Comestibles
 c - 14 rations
 x - 3 chunks of flesh


   Skills:
 + Level 10.1 Fighting
 + Level 8.6 Axes
 + Level 9.9 Armour
 + Level 7.5 Dodging


You had 10 spell levels left.
You didn't know any spells.
Your spell library was empty.

Dungeon Overview and Level Annotations

Branches:
Dungeon (10/15)            Temple (1/1) D:5
   Lair: D:8-11         Orc: D:9-12

Altars:
Ashenzari
Elyvilon
Fedhas
Nemelex Xobeh
Okawaru
Qazlal
Sif Muna
Trog
Uskayaw
Wu Jian
Xom
Yredelemnul

Annotations:
D:10 3 runed translucent doors


Innate Abilities, Weirdness & Mutations

You are resistant to torment.
Your stone body is resilient. (AC +8)
You are immune to poison.
You resist negative energy. (rN+)
You are resistant to electric shocks. (rElec)
You can survive without breathing.
You are immune to petrification.
You are immune to rotting.


Message History

You slash the ice beast! The troll bites you but does no damage.
The troll claws you.
* * * LOW HITPOINT WARNING * * *
The troll closely misses you.
You slice the troll!!
The troll is almost dead.
You hit the ice beast.
You kill the ice beast!
Trog accepts your kill. The troll bites you.
* * * LOW HITPOINT WARNING * * *
The troll claws you but does no damage. You block the troll's attack.
You closely miss the troll.
The troll is almost dead.
You slash the troll!
You kill the troll!
Trog accepts your kill.
You slash something!
The shadow strikes at you from the darkness!
You die...

. ## .# # ###.. .#.. #.....+
.....# ....# .....#.##
#...####..# ##.
#>...##.####..[#....# ##....
##....##+#####.(@)##
###......
......##Y5.5###....###......#
##....##z.zV+....)##[.......#
##....##o9Zo######..........#
......##+#######............#
##..#.##.#####...##.).......#
##..#.#.####......#.))......+
......'###........#.........#
..............#...#....†....#


You could see an orc warrior.

Vanquished Creatures
  A two-headed ogre (D:9)
  Pikel (D:4)
  A cyclops (D:7)
  5 gargoyles (D:7)
  A troll (D:10)
  A wyvern (D:10)
  A wraith (D:10)
  6 humans
  4 hogs (D:7)
  Edmund (D:6)
  A hungry ghost (D:8)
  A water moccasin (D:6)
  Menkaure (D:6)
  An acid dragon (D:10)
  3 orc warriors
  2 slaves (D:4)
  A black bear (D:10)
  5 ice beasts
  A sky beast (D:5)
  A hornet zombie (D:8)
  A phantom (D:4)
  2 centaurs
  A big kobold (D:10)
  3 bullfrogs
  2 scorpions
  3 killer bees (D:8)
  9 wights
  4 howler monkeys
  5 crimson imps
  2 bullfrog zombies
  2 hounds
  A jelly (D:5)
  12 orc wizards
  2 centaur skeletons
  6 orc priests
  5 iguanas
  Ijyb (D:4)
  Natasha (thrice) (D:4)
  10 worker ants
  2 hound skeletons
  8 mummies (Ossuary)
  A howler monkey skeleton (D:10)
  9 adders
  4 gnolls (D:6)
  A shadow imp (D:7)
  2 adder zombies
  2 adder skeletons
  2 leopard geckos
  33 orcs
  4 giant cockroaches
  A gnoll zombie (Ossuary)
  5 goblins
  5 hobgoblins
  9 jackals
  5 kobolds
  6 quokkas
  A ball python (D:4)
  4 bats
  3 frilled lizards
  7 hobgoblin zombies (Ossuary)
  A jackal skeleton (D:7)
  A leopard gecko skeleton (D:4)
  A quokka zombie (D:5)
  4 rats
  A rat zombie (D:5)
235 creatures vanquished.

Vanquished Creatures (others)
  An orc wizard (D:6)
1 creature vanquished.

Grand Total: 236 creatures vanquished

Notes
Turn   | Place    | Note
-------+----------+-------------------------------------------
     0 | D:1      | Fang the Gargoyle Berserker began the quest for the Orb.
     0 | D:1      | Reached XP level 1. HP: 14/14 MP: 1/1
    32 | D:1      | Reached XP level 2. HP: 14/19 MP: 2/2
   729 | D:2      | Found a blossoming altar of Fedhas.
   792 | D:2      | Reached XP level 3. HP: 21/23 MP: 3/3
   844 | D:2      | Found a white marble altar of Elyvilon.
   964 | D:2      | Reached ** piety under Trog
  1045 | D:2      | Found a basalt altar of Yredelemnul.
  1330 | D:3      | Reached XP level 4. HP: 12/29 MP: 4/4
  1342 | D:3      | Reached skill level 4 in Fighting
  1342 | D:3      | Reached XP level 5. HP: 22/33 MP: 5/5
  1711 | D:3      | Found a shimmering altar of Xom.
  1711 | D:3      | Found an iron altar of Okawaru.
  2037 | D:4      | Noticed Ijyb
  2038 | D:4      | Noticed a phantom
  2048 | D:4      | Reached XP level 6. HP: 39/39 MP: 6/6
  2055 | D:4      | Killed Ijyb
  2062 | D:4      | Killed a phantom
  2319 | D:4      | Noticed an orc warrior
  2320 | D:4      | Noticed Natasha
  2332 | D:4      | Killed Natasha
  2332 | D:4      | Reached *** piety under Trog
  2332 | D:4      | Reached skill level 5 in Fighting
  2332 | D:4      | Reached XP level 7. HP: 25/44 MP: 7/7
  2362 | D:4      | Found a stormy altar of Qazlal.
  2663 | D:4      | Noticed Pikel
  2678 | D:4      | Killed Pikel
  2678 | D:4      | Reached skill level 6 in Fighting
  2678 | D:4      | Reached skill level 5 in Axes
  2678 | D:4      | Reached skill level 5 in Armour
  2678 | D:4      | Reached XP level 8. HP: 51/51 MP: 8/8
  2820 | D:4      | Noticed Natasha
  2837 | D:4      | Killed Natasha
  2891 | D:4      | Noticed Natasha
  2896 | D:4      | Killed Natasha
  3208 | D:5      | Entered Level 5 of the Dungeon
  3390 | D:5      | Found a sand-covered staircase.
  3400 | Ossuary  | Entered an ossuary
  4202 | D:5      | Found a bloodstained altar of Trog.
  4234 | D:5      | Reached XP level 9. HP: 56/56 MP: 9/9
  4260 | D:5      | Found a staircase to the Ecumenical Temple.
  4282 | D:5      | Reached skill level 7 in Fighting
  4310 | Temple   | Entered the Ecumenical Temple
  4316 | D:5      | Found an ornate altar of the Wu Jian Council.
  4359 | D:5      | Reached skill level 5 in Dodging
  4378 | D:5      | Reached **** piety under Trog
  4563 | D:6      | Noticed Edmund
  4574 | D:6      | Killed Edmund
  4818 | D:6      | Noticed Menkaure
  4840 | D:6      | Killed Menkaure
  5137 | D:6      | Reached skill level 8 in Fighting
  5480 | D:6      | Found a sparkling altar of Nemelex Xobeh.
  5869 | D:7      | Noticed a cyclops
  5880 | D:7      | Killed a cyclops
  5880 | D:7      | Reached XP level 10. HP: 63/65 MP: 10/10
  6143 | D:7      | Noticed a gargoyle
  6150 | D:7      | Killed a gargoyle
  6157 | D:7      | Noticed a gargoyle
  6162 | D:7      | Killed a gargoyle
  6322 | D:7      | Noticed a gargoyle
  6339 | D:7      | Killed a gargoyle
  6487 | D:7      | Noticed a gargoyle
  6507 | D:7      | Killed a gargoyle
  6507 | D:7      | Reached skill level 9 in Fighting
  6758 | D:7      | Noticed a gargoyle
  6763 | D:7      | Killed a gargoyle
  6918 | D:7      | Reached ***** piety under Trog
  7972 | D:8      | Received a gift from Trog
  7972 | D:8      | Reached XP level 11. HP: 68/71 MP: 11/11
  8374 | D:9      | Noticed a two-headed ogre
  8386 | D:9      | Killed a two-headed ogre
  8807 | D:9      | Found a hide-covered altar of Uskayaw.
  8808 | D:9      | Noticed a +0 dagger
  8808 | D:9      | Noticed a +0 hand axe
  9316 | D:10     | Entered Level 10 of the Dungeon
  9334 | D:10     | Reached skill level 10 in Fighting
  9362 | D:10     | Found a runed translucent door.
  9362 | D:10     | Found a runed translucent door.
  9362 | D:10     | Noticed a cyclops
  9362 | D:10     | Noticed an orc knight
  9431 | D:10     | Found a runed translucent door.
  9493 | D:10     | HP: 5/108 [troll (5)]
  9495 | D:10     | Slain by a shadow

Skill      XL: |  1  2  3  4  5  6  7  8  9 10 11 |
---------------+----------------------------------+-----
Axes           | 3 4 5 7 8 |  8.6
Dodging        | 2 3 4 6 7 |  7.5
Armour         | 3 4 5 6 8 9 |  9.9
Fighting       | 4 5 6 8 9 10 | 10.1

Action                   |  1- 3 |  4- 6 |  7- 9 | 10-12 || total
-------------------------+-------+-------+-------+-------++-------
Melee: Hand axe          |   104 |   120 |       |       ||   224
       War axe           |       |     9 |   361 |   340 ||   710
       Battleaxe         |       |       |       |     2 ||     2
Invok: Berserk           |     1 |     3 |     5 |     5 ||    14
  Use: Scroll            |       |       |     1 |    27 ||    28
  Eat: Chunk             |     2 |     6 |    13 |    15 ||    36
       Ration            |       |       |     1 |     1 ||     2
Armor: Animal skin       |    12 |       |       |       ||    12
       Chain mail        |    59 |   120 |   275 |   125 ||   579
       Plate armour      |       |       |       |    61 ||    61
Dodge: Dodged            |    80 |    70 |   174 |   197 ||   521
Block: Other             |       |       |    33 |    66 ||    99
       Reflection        |       |       |     1 |     2 ||     3
